 Dungeon Sprint DCSS version 0.30.1-11-g7821555f0a (webtiles) character file.

Game seed: 17787140916456845645

6214 Groucho the Covert (level 10, 0/55 HPs)
             Began as a Spriggan Fighter on Jan 4, 2024.
             Was a Follower of Uskayaw.
             Slain by a catoblepas (9 damage)
             ... while petrified by a catoblepas
             ... in the Dungeon (Sprint IX: "|||||||||||||||||||||||||||||").
             The game lasted 00:05:11 (2312 turns).

Groucho the Covert (Spriggan Fighter)               Turns: 2312, Time: 00:05:12

Health: 0/55       AC:  5    Str: 12    XL:     10   Next: 61%
Magic:  16/19      EV:  4    Int: 10    God:    Uskayaw [*.....]
Gold:   25         SH:  0    Dex: 25    Spells: 9/9 levels left

rFire   . . .        m - +2 rapier (drain)
rCold   . . .        c - +0 buckler
rNeg    + + +        e - +0 troll leather armour
rPois   ∞            (helmet restricted)
rElec   .            (no cloak)
rCorr   .            (gloves unavailable)
SInv    +            (boots unavailable)
Will    +....        (no amulet)
Stlth   ++++++       a - +3 ring of dexterity
HPRegen 1.09/turn    n - +3 ring of dexterity
MPRegen 0.16/turn

%: no teleportation
@: petrified, hasted, very quick
A: very small, no large weapons, unfitting armour, see invisible, speed 3
a: Renounce Religion, Stomp


You were in the Dungeon.
You worshipped Uskayaw.
Uskayaw was aware of your devotion.
You visited 1 branch You collected 25 gold pieces.

Inventory:

Hand Weapons
 m - a +2 rapier of draining (weapon)
Missiles
 b - a throwing net (quivered)
Armour
 c - a +0 buckler (worn)
 e - a +0 troll leather armour (worn)
Jewellery
 a - a +3 ring of dexterity (left hand)
 n - a +3 ring of dexterity (right hand)
Wands
 l - a wand of light (10)
Scrolls
 j - 2 scrolls of amnesia
 k - a scroll of blinking
 o - 2 scrolls of identify
 p - 2 scrolls of enchant armour
 q - 2 scrolls of fear
Potions
 d - a potion of might
 f - 9 potions of heal wounds
 h - 4 potions of magic
 i - 3 potions of curing


   Skills:
 + Level 7.4 Fighting
 * Level 12.8 Short Blades
 * Level 7.0 Armour
 + Level 11.5 Dodging
 + Level 14.7 Stealth
 + Level 7.8 Shields
 * Level 11.6 Invocations


You had 9 spell levels left.
You didn't know any spells.
Your spell library was empty.

Dungeon Overview and Level Annotations

Branches:
Dungeon (1/1)

Altars:
Cheibriados
Dithmenos
Elyvilon
Fedhas
Gozag
Hepliaklqana
Kikubaaqudgha
Makhleb
Nemelex Xobeh
Okawaru
Qazlal
Ru
Sif Muna
Trog
Uskayaw
Vehumet
Wu Jian
Xom
Yredelemnul
Zin
The Shining One
Jiyva
Lugonu


Innate Abilities, Weirdness & Mutations

You are very small and have problems with some larger weapons.
You are too small for most types of armour.
You have supernaturally acute eyesight. (SInv)
You cover ground extremely quickly. (Speed+++)


Message History

The catoblepas is lightly wounded.
You hit the catoblepas but do no damage.
You drain the catoblepas.
The catoblepas is lightly wounded.
The catoblepas breathes a plume of calcifying dust at you.
The blast of calcifying dust hits you!
You hit the catoblepas. You drain the catoblepas.
The catoblepas is moderately wounded.
You are engulfed in calcifying dust.
You are slowing down.
You can now pass through a line of other dancers.
Unknown command.
Unknown command.
Aiming: Line Pass
Press: ? - help, Dir - move target The catoblepas appears confused.
You can no longer pass through a line of other dancers.
You block the catoblepas's attack.
The catoblepas gores itself.
You completely miss the catoblepas.
The catoblepas is moderately wounded.
Your limbs are stiffening.
You catch the helpless catoblepas completely off-guard!
You stick the catoblepas like a pincushion!!!
The catoblepas is almost dead.
You hit the catoblepas but do no damage.
The catoblepas is almost dead.
The catoblepas gores you.
You have turned to stone.
The catoblepas seems less confused.
The catoblepas gores you.
The catoblepas breathes a plume of calcifying dust at you.
The blast of calcifying dust hits you!
You are engulfed in calcifying dust.
The catoblepas gores you!!
You are engulfed in calcifying dust.
The catoblepas gores you!
You are engulfed in calcifying dust.
The catoblepas gores you!!
You are engulfed in calcifying dust.
The catoblepas gores you!!
* * * LOW HITPOINT WARNING * * *
The catoblepas breathes a plume of calcifying dust at you.
The blast of calcifying dust hits you!
* * * LOW HITPOINT WARNING * * *
You are engulfed in calcifying dust.
The catoblepas gores you!!
You die...

▓▓▓▓▓▓▓▓▓▓▓▓▓▓▓▓▓▓▓▓▓▓▓▓▓▓▓▓▓▓▓▓▓
.....[÷......'.Y@§§....'††Y.YYkll
▓▓▓▓▓▓▓▓▓▓▓▓▓▓▓▓▓▓▓▓▓▓▓▓▓▓▓▓▓▓▓▓▓
..............)..................
▓▓▓▓▓▓▓▓▓▓▓▓▓▓▓▓▓▓▓▓▓▓▓▓▓▓▓▓▓▓▓▓▓
..')....'________________________
▓▓▓▓▓▓▓▓▓▓▓▓▓▓▓▓▓▓▓▓▓▓▓▓▓▓▓▓▓▓▓▓▓


You could see a catoblepas (drained).

Vanquished Creatures
  Harold (D)
  A death yak (D)
  A centaur warrior (D)
  2 ugly things (D)
  2 elephants (D)
  A cane toad (D)
  2 rime drakes (D)
  A troll (D)
  A hornet (D)
  A blink frog (D)
  A wyvern (D)
  2 yaks (D)
  4 basilisks (D)
  A vampire mosquito (D)
  An acid dragon (D)
  2 centaurs (D)
  5 bullfrogs (D)
  A scorpion (D)
  A wight (D)
  An iguana (D)
  An adder (D)
  A shadow imp (D)
  2 giant cockroaches (D)
  A kobold (D)
  A bat (D)
  A frilled lizard (D)
39 creatures vanquished.

Notes
Turn   | Place    | Note
-------+----------+-------------------------------------------
     0 | D        | Groucho the Spriggan Fighter began the quest for the Orb.
     0 | D        | Reached XP level 1. HP: 11/11 MP: 2/2
     6 | D        | Reached skill level 1 in Stealth
    14 | D        | Reached skill level 1 in Invocations
    21 | D        | Reached skill level 2 in Stealth
   294 | D        | Noticed an iguana
   294 | D        | Noticed a centaur
   294 | D        | Noticed a scorpion
   304 | D        | Reached XP level 2. HP: 16/16 MP: 2/4
   307 | D        | Reached skill level 3 in Stealth
   313 | D        | Reached skill level 4 in Stealth
   313 | D        | Reached XP level 3. HP: 17/20 MP: 2/6
   318 | D        | Killed a centaur
   319 | D        | Reached skill level 5 in Short Blades
   319 | D        | Reached skill level 5 in Dodging
   319 | D        | Reached skill level 6 in Stealth
   319 | D        | Reached XP level 4. HP: 17/24 MP: 2/8
   888 | D        | Killed a scorpion
   889 | D        | Reached skill level 7 in Stealth
   889 | D        | Reached XP level 5. HP: 16/29 MP: 9/9
   894 | D        | Found a snail-covered altar of Cheibriados.
   894 | D        | Found a shadowy altar of Dithmenos.
   894 | D        | Found a white marble altar of Elyvilon.
   894 | D        | Found a blossoming altar of Fedhas.
   894 | D        | Found an opulent altar of Gozag.
   895 | D        | Found a hazy altar of Hepliaklqana.
   896 | D        | Found a viscous altar of Jiyva.
   897 | D        | Found an ancient bone altar of Kikubaaqudgha.
   898 | D        | Found a corrupted altar of Lugonu.
   899 | D        | Found a burning altar of Makhleb.
   900 | D        | Found a sparkling altar of Nemelex Xobeh.
   901 | D        | Found an iron altar of Okawaru.
   902 | D        | Found a stormy altar of Qazlal.
   903 | D        | Found a sacrificial altar of Ru.
   904 | D        | Found a shimmering blue altar of Sif Muna.
   905 | D        | Found a bloodstained altar of Trog.
   906 | D        | Found a hide-covered altar of Uskayaw.
   907 | D        | Found a radiant altar of Vehumet.
   908 | D        | Found an ornate altar of the Wu Jian Council.
   909 | D        | Found a shimmering altar of Xom.
   910 | D        | Found a basalt altar of Yredelemnul.
   911 | D        | Found a glowing silver altar of Zin.
   912 | D        | Found a glowing golden altar of the Shining One.
   914 | D        | Became a worshipper of Uskayaw the Reveller
  1260 | D        | Noticed a yak
  1260 | D        | Noticed a centaur
  1260 | D        | Noticed a troll
  1260 | D        | Noticed a yak
  1260 | D        | Noticed a hornet
  1262 | D        | Reached * piety under Uskayaw
  1263 | D        | Reached skill level 8 in Stealth
  1263 | D        | Reached skill level 5 in Invocations
  1264 | D        | Killed a yak
  1264 | D        | Reached ** piety under Uskayaw
  1265 | D        | Reached skill level 9 in Stealth
  1265 | D        | Reached skill level 5 in Shields
  1265 | D        | Reached XP level 6. HP: 34/34 MP: 9/11
  1266 | D        | Reached *** piety under Uskayaw
  1267 | D        | Reached skill level 10 in Stealth
  1268 | D        | Killed a troll
  1269 | D        | Reached skill level 11 in Stealth
  1269 | D        | Reached XP level 7. HP: 38/38 MP: 9/13
  1270 | D        | Killed a yak
  1270 | D        | Reached **** piety under Uskayaw
  1271 | D        | Reached skill level 5 in Fighting
  1271 | D        | Reached skill level 1 in Armour
  1272 | D        | Killed a hornet
  1272 | D        | Reached ***** piety under Uskayaw
  1273 | D        | Reached XP level 8. HP: 43/43 MP: 9/14
  1274 | D        | Noticed a brown ugly thing
  1274 | D        | Noticed a centaur warrior
  1274 | D        | Noticed a brown ugly thing
  1277 | D        | Killed a brown ugly thing
  1279 | D        | Reached ****** piety under Uskayaw
  1280 | D        | Reached skill level 12 in Stealth
  1283 | D        | Killed a centaur warrior
  1284 | D        | Reached skill level 10 in Short Blades
  1285 | D        | Killed a brown ugly thing
  1286 | D        | Reached XP level 9. HP: 42/48 MP: 10/17
  1304 | D        | Reached skill level 13 in Stealth
  1407 | D        | Noticed Harold
  1421 | D        | Killed Harold
  1422 | D        | Reached skill level 5 in Armour
  1422 | D        | Reached skill level 10 in Dodging
  1422 | D        | Reached skill level 10 in Invocations
  1519 | D        | Noticed a cane toad
  1520 | D        | Noticed a rime drake
  1522 | D        | Noticed a death yak
  1718 | D        | Killed a death yak
  1720 | D        | Killed a cane toad
  1721 | D        | Reached XP level 10. HP: 51/53 MP: 17/19
  1733 | D        | Reached skill level 14 in Stealth
  1751 | D        | Noticed an elephant
  1763 | D        | Killed an elephant
  1770 | D        | Noticed an elephant
  1771 | D        | Noticed a catoblepas
  2059 | D        | Killed an elephant
  2312 | D        | Slain by a catoblepas

Illustrated notes

Levels and vault maps discovered:
D:        linesprint [early_d, line_temple, items_1, d_10, items_2, lair_1,
          lair_end, items_3, orc_1, orc_end, items_4, d_15, swamp_1, shoals_1,
          snake_1, spider_1, d_20, vaults_1, items_5, swamp_end, shoals_end,
          snake_end, spider_end, vaults_end, d_27, items_6, zot_1, zot_end,
          crypt_end, forest_end, elf_end, slime_end, tomb_end, abyss_end,
          pan_hell_end]

Skill      XL: |  1  2  3  4  5  6  7  8  9 10 |
---------------+-------------------------------+-----
Stealth        | 2 4 6 7 9 11 12 13 14 | 14.7
Invocations    | 1 2 4 6 7 9 10 11 | 11.6
Short Blades   | 3 4 5 7 8 10 11 12 | 12.8
Fighting       | 3 4 5 6 7 |  7.4
Shields        | 3 4 5 6 7 |  7.8
Dodging        | 5 6 7 8 9 10 11 | 11.5
Armour         | 2 4 6 7 |  7.0

Action                     |  1- 3 |  4- 6 |  7- 9 | 10-12 || total
---------------------------+-------+-------+-------+-------++-------
  Melee: Rapier            |    38 |    24 |    37 |    52 ||   151
 Invoke: Line Pass         |       |       |     1 |     6 ||     7
    Use: Potion            |     2 |     3 |     2 |     1 ||     8
         Scroll            |       |     1 |       |       ||     1
   Stab: Sleeping          |       |     4 |     2 |     2 ||     8
         Invisible         |       |       |     6 |       ||     6
         Distracted        |       |       |     2 |     1 ||     3
         Paralysed         |       |       |     2 |     1 ||     3
         Confused          |       |       |     1 |     5 ||     6
 Armour: Robe              |     1 |     3 |       |       ||     4
         Troll leather arm |       |       |       |     3 ||     3
  Dodge: Dodged            |    25 |    13 |    11 |    25 ||    74
  Block: Buckler           |     4 |     5 |     3 |     9 ||    21
